 Dungeon Crawl Stone Soup version 0.29.1-4-g47bece8355 (webtiles) character file.

Game seed: 3488183174684605387

9146 LustLizard the Destroyer (level 11, -6/72 HPs)
             Began as an Octopode Air Elementalist on Dec 3, 2022.
             Was a Believer of Vehumet.
             Mangled by an unseen horror (9 damage)
             ... on level 9 of the Dungeon.
             The game lasted 00:30:49 (12687 turns).

LustLizard the Destroyer (OpAE)                    Turns: 12687, Time: 00:30:50

Health: -6/72      AC:  3    Str:  8    XL:     11   Next: 41%
Magic:  21/21      EV: 16    Int: 27    God:    Vehumet [**....]
Gold:   557        SH:  0    Dex: 16    Spells: 10/24 levels left

rFire   + + .      SeeInvis .   m - +7 lajatang of Order {silver, rMut}
rCold   . . .      Faith    .   (shield currently unavailable)
rNeg    + + +      Spirit   .   f - +2 hat
rPois   .          Reflect  .   G - amulet of magic regeneration
rElec   .          Harm     .   B - +6 ring of dexterity
rCorr   .          Rampage  .   K - ring "Ewkajil" {Fly rF++ rN+++ Int+6 Dex-3}
rMut    +                       (no ring)
Will    .....                   (no ring)
Stlth   +++++.....              (no ring)
HPRegen 0.22/turn               (no ring)
MPRegen 0.57/turn               (no ring)
                                (no ring)

@: flying
A: almost no armour, amphibious, 8 rings, camouflage 1, gelatinous body 1,
(nimble swimmer 1), tentacles
a: Renounce Religion


You were on level 9 of the Dungeon.
You worshipped Vehumet.
Vehumet was pleased with you.
You visited 2 branches of the dungeon, and saw 10 of its levels.
You also visited: Bailey.

You collected 557 gold pieces.

Inventory:

Hand Weapons
 d - a +0 dagger
 m - the +7 lajatang of Order (weapon) {silver, rMut}
   (You acquired it on level 8 of the Dungeon)

   It inflicts extra damage upon those it strikes, and deals substantially
   increased damage to chaotic, mutated and magically transformed beings.
   rMut:      It protects you from mutation.
 u - a +1 dagger of venom
 F - a +2 short sword of freezing
Armour
 f - a +2 hat (worn)
Jewellery
 i - a ring of magical power
 B - a +6 ring of dexterity (left tentacle)
 C - an amulet of guardian spirit
 G - an amulet of magic regeneration (around mantle)
 K - the ring "Ewkajil" (right tentacle) {Fly rF++ rN+++ Int+6 Dex-3}
   (You found it on level 7 of the Dungeon)

   [ring of intelligence]

   Int:       It affects your intelligence (+6).
   Dex:       It affects your dexterity (-3).
   rF:        It greatly protects you from fire.
   rN:        It renders you almost immune to negative energy.
   Fly:       It grants you flight.
Wands
 r - a wand of flame (35)
 I - a wand of iceblast (7)
 M - a wand of charming (6)
 O - a wand of mindburst (8)
Scrolls
 b - 2 scrolls of fear
 c - 3 scrolls of vulnerability
 h - 2 scrolls of poison {unknown}
 j - 3 scrolls of butterflies {unknown}
 p - 2 scrolls of enchant weapon {unknown}
 q - 2 scrolls of amnesia
 v - 2 scrolls of brand weapon
 w - a scroll of magic mapping
 x - 5 scrolls of teleportation
 y - 2 scrolls of immolation
 D - a scroll of enchant armour
 E - 2 scrolls of blinking
 J - 2 scrolls of summoning
Potions
 a - a potion of magic
 e - 2 potions of flight
 g - 4 potions of attraction
 k - a potion of might
 l - a potion of ambrosia
 n - 4 potions of curing
 o - 3 potions of brilliance
 s - 4 potions of haste
 t - 2 potions of lignification
 z - a potion of cancellation
 A - a potion of degeneration
 H - 2 potions of mutation
 L - 3 potions of resistance
 N - a potion of invisibility


   Skills:
 * Level 5.7 Fighting
 * Level 6.1 Dodging
 - Level 7.1 Stealth
 + Level 7.1 Spellcasting
 * Level 10.6 Conjurations
 - Level 2.6 Hexes
 - Level 7.3 Air Magic


You had 10 spell levels left.
You knew the following spells:

 Your Spells              Type           Power      Damage    Failure   Level
a - Shock                 Conj/Air       100%       1d9       1%          1
b - Swiftness             Air            49%        N/A       1%          3
c - Searing Ray           Conj           100%       2d8       1%          2
d - Airstrike             Air            24%        2d(4-20)  2%          4
e - Fulminant Prism       Conj/Hex       22%        3d13      3%          4

Your spell library contained the following spells:

 Spells                   Type           Power      Damage    Failure   Level
 Freeze                   Ice            36%        1d6       6%          1
 Magic Dart               Conj           100%       1d8       1%          1
 Static Discharge         Conj/Air       55%        3-10/arc  1%          2
 Sublimation of Blood     Necr           9%         N/A       9%          2
 Wereblood                Tmut           9%         N/A       9%          2
 Portal Projectile        Hex/Tloc       32%        N/A       10%         3
 Call Canine Familiar     Summ           9%         N/A       17%         3
 Leda's Liquefaction      Hex/Erth       8%         N/A       32%         4
 Summon Hydra             Summ           4%         N/A       100%        7


Dungeon Overview and Level Annotations

Branches:
Dungeon (9/15)             Temple (1/1) D:5          Bailey (visited)
   Lair: D:8-11         Orc: D:9-12

Altars:
Ashenzari
Cheibriados
Elyvilon
Fedhas
Gozag
Hepliaklqana
Makhleb
Nemelex Xobeh
Okawaru
Qazlal
Ru
Sif Muna
Trog
Uskayaw
Vehumet
Wu Jian
Xom
Yredelemnul
Zin
The Shining One

Shops:
D:5 *   D:8 *


Innate Abilities, Weirdness & Mutations

You cannot wear most types of armour.
You are amphibious.
You can wear up to eight rings at the same time.
Your skin changes colour to match your surroundings (Stealth+).
Your rubbery body absorbs attacks. (AC +1, EV +1)
((You are camouflaged when in or above water. (Stealth+)))
You have tentacles for arms and can constrict up to eight enemies at once.


Message History

Confirm with . or Enter, or press ? or * to list all spells.
You don't know that spell.
You miss something.
Your tentacle-slap misses something.
You squeeze something. Something closely misses you. Something hits you!
Casting: Searing Ray (safe; 1% risk of failure)
Confirm with . or Enter, or press ? or * to list all spells.
Aiming: Searing Ray (safe; 1% risk of failure)
Press: ? - help, Shift-Dir - straight line (Press . to maintain the ray.)
Something hits you! Something barely misses you. Something hits you.
Something hits you! Something hits you. x2
You reach down and open the large door.
A crimson imp comes into view. It is wielding a +0 dagger of chaos.
The crimson imp shouts!
Found a shimmering altar of Xom and a burning altar of Makhleb.
There is a large open door here.
You closely miss the crimson imp. You grab the crimson imp.
Your squeeze misses the crimson imp. You constrict the crimson imp.
The crimson imp hits you with a +0 dagger of chaos.
You are electrocuted!
* * * LOW HITPOINT WARNING * * *
Something hits you!
* * * LOW HITPOINT WARNING * * *
Okay, then.
Okay, then.
Blink to where?
Press: ? - help, Dir - move target You lose your grip on something.
As you read the scroll of blinking, it crumbles to dust.
Something hits you.
* * * LOW HITPOINT WARNING * * *
Something hits you.
* * * LOW HITPOINT WARNING * * *
Something hits you.
* * * LOW HITPOINT WARNING * * *
There is an open door here.
Something hits you!
You die...

#...)...# #.......#
########
#...)...######......#
#...)...'...##......###
#.......###.........'..
#.......# #....)....###
#.......# ##..)∩).'##
#.......# ##..)...#
######@## #......# #.....#
##..#### ####.##### #...#
#.......# #.### #.......###
##'######## ##.........##
#.........#
..........#..########..>.#
+.##.......##.5..#.._#....+
# #.......####.§'...#....#


There were no monsters in sight!

Vanquished Creatures
  2 vault guards (Bailey)
  Erica (D:8)
  A two-headed ogre (D:8)
  Pikel (D:7)
  Joseph (D:8)
  A blink frog (Bailey)
  Prince Ribbit (D:5)
  Sigmund (D:4)
  A shadow (D:8)
  A wyvern (D:9)
  6 humans (Bailey)
  A wraith (D:6)
  Eustachio (D:5)
  A steam dragon (D:6)
  2 water moccasins (D:7)
  A black bear (D:6)
  A sky beast (D:7)
  3 orc warriors
  3 ogres
  3 centaurs
  A phantom (D:6)
  A kobold brigand (D:6)
  2 lemures (D:7)
  17 bullfrogs
  A necrophage (D:5)
  2 scorpions
  8 wights
  A howler monkey (D:4)
  3 hounds
  2 jellies
  3 orc priests
  Crazy Yiuf (D:5)
  Ijyb (D:4)
  Terence (D:2)
  3 iguanas
  11 orc wizards
  4 gnolls (D:3)
  9 adders
  A shadow imp (D:5)
  An adder zombie (D:2)
  2 dart slugs
  27 orcs
  A bat skeleton (D:2)
  A bat zombie (D:2)
  9 endoplasms
  2 giant cockroaches
  13 goblins
  9 hobgoblins
  2 quokkas
  10 ball pythons
  A ball python skeleton (D:2)
  2 ball python zombies (D:2)
  6 bats
  6 frilled lizards
  16 kobolds
  7 rats
220 creatures vanquished.

Vanquished Creatures (others)
  9 demonic plants (D:1)
  A fulminant prism (D:9)
  4 fungi (D:1)
  34 plants
  8 withered plants
56 creatures vanquished.

Grand Total: 276 creatures vanquished

Notes
Turn   | Place    | Note
-------+----------+-------------------------------------------
     0 | D:1      | LustLizard the Octopode Air Elementalist began the quest
                  | for the Orb.
     0 | D:1      | Reached XP level 1. HP: 11/11 MP: 3/3
   386 | D:1      | Reached XP level 2. HP: 17/17 MP: 1/5
  1023 | D:1      | Reached XP level 3. HP: 21/21 MP: 2/6
  1152 | D:1      | Found a faded altar of an unknown god.
  1438 | D:2      | Reached skill level 2 in Conjurations
  1606 | D:2      | Noticed Terence
  1689 | D:2      | Reached XP level 4. HP: 27/27 MP: 2/7
  2022 | D:2      | Learned a level 3 spell: Swiftness
  2640 | D:1      | Learned a level 2 spell: Searing Ray
  2708 | D:2      | Killed Terence
  3108 | D:3      | Reached XP level 5. HP: 31/31 MP: 3/9
  4091 | D:3      | Reached skill level 3 in Conjurations
  4319 | D:4      | Reached XP level 6. HP: 21/36 MP: 1/10
  4501 | D:4      | Learned a level 4 spell: Airstrike
  4816 | D:4      | Found a radiant altar of Vehumet.
  4910 | D:4      | Noticed Sigmund
  4953 | D:4      | Noticed Ijyb
  5168 | D:4      | Found an ornate altar of the Wu Jian Council.
  5172 | D:4      | Reached skill level 5 in Air Magic
  5351 | D:4      | Reached skill level 4 in Conjurations
  5351 | D:4      | Reached XP level 7. HP: 41/41 MP: 2/12
  5750 | D:4      | Killed Ijyb
  5847 | D:4      | Killed Sigmund
  5848 | D:4      | Reached skill level 5 in Stealth
  5951 | D:5      | Entered Level 5 of the Dungeon
  6175 | D:5      | Found Gozag's Platinum Reserve.
  6177 | D:5      | Found an opulent altar of Gozag.
  6210 | D:5      | Reached XP level 8. HP: 46/46 MP: 4/13
  6413 | D:5      | Reached skill level 5 in Conjurations
  6534 | D:5      | Noticed Prince Ribbit
  6671 | D:5      | Found a runed translucent door.
  6672 | D:5      | Noticed Crazy Yiuf
  6754 | D:5      | Killed Prince Ribbit
  6889 | D:5      | Found a staircase to the Ecumenical Temple.
  6905 | Temple   | Entered the Ecumenical Temple
  7569 | D:4      | Became a worshipper of Vehumet
  7625 | D:5      | Found a glowing silver altar of Zin.
  7955 | D:5      | Noticed Eustachio
  7974 | D:5      | Killed Eustachio
  7975 | D:5      | Reached skill level 6 in Conjurations
  8139 | D:5      | Noticed a +0 dagger
  8139 | D:5      | Noticed a +0 falchion
  8140 | D:5      | Noticed a +0 falchion
  8141 | D:5      | Noticed a +0 spear
  8141 | D:5      | Noticed a +0 dagger
  8142 | D:5      | Noticed a +0 short sword
  8142 | D:5      | Noticed a +0 spear
  8143 | D:5      | Noticed a +0 short sword
  8148 | D:5      | Found a hide-covered altar of Uskayaw.
  8494 | D:5      | Killed Crazy Yiuf
  8495 | D:5      | Reached XP level 9. HP: 51/51 MP: 12/15
  8579 | D:6      | Found a sparkling altar of Nemelex Xobeh.
  8612 | D:6      | Learned a level 4 spell: Fulminant Prism
  8790 | D:6      | Reached skill level 1 in Hexes
  8828 | D:6      | Reached skill level 7 in Conjurations
  8854 | D:6      | Reached skill level 5 in Spellcasting
  9320 | D:7      | Noticed Pikel
  9335 | D:7      | Killed Pikel
  9335 | D:7      | Reached * piety under Vehumet
  9335 | D:7      | Offered knowledge of Sandblast by Vehumet.
  9414 | D:7      | Reached skill level 8 in Conjurations
  9733 | D:7      | Reached XP level 10. HP: 56/56 MP: 10/19
  9768 | D:7      | Identified the ring "Ewkajil" {Fly rF++ rN+++ Int+6 Dex-3}
 10030 | D:8      | Found an iron altar of Okawaru.
 10067 | D:8      | Noticed Erica
 10182 | D:8      | Reached skill level 1 in Fighting
 10203 | D:8      | Found a shimmering blue altar of Sif Muna.
 10289 | D:8      | Reached skill level 9 in Conjurations
 10293 | D:8      | HP: 2/59 [orc wizard/magic dart (7)]
 10562 | D:8      | Noticed a two-headed ogre
 10631 | D:8      | Killed Erica
 10724 | D:8      | Found a faded altar of an unknown god.
 10725 | D:8      | Found a hazy altar of Hepliaklqana.
 10807 | D:8      | Found a faded altar of an unknown god.
 10937 | D:8      | Found Ylour's Assorted Antiques.
 10938 | D:8      | Noticed Joseph
 10943 | D:8      | Killed Joseph
 11225 | D:8      | Killed a two-headed ogre
 11261 | D:8      | Identified a scroll of acquirement
 11262 | D:8      | Acquired the +7 lajatang of Order {silver, rMut}
 11262 | D:8      | Found the +7 lajatang of Order {silver, rMut}
 11374 | D:9      | Found a flagged portal.
 11506 | Bailey   | Entered a bailey
 11714 | Bailey   | Reached skill level 10 in Conjurations
 11741 | Bailey   | Reached skill level 5 in Dodging
 11744 | Bailey   | Reached XP level 11. HP: 67/70 MP: 11/21
 11803 | Bailey   | Offered knowledge of Freeze by Vehumet.
 11823 | Bailey   | Reached ** piety under Vehumet
 11984 | Bailey   | Reached skill level 5 in Fighting
 12111 | Bailey   | Noticed a vault guard
 12396 | Bailey   | Noticed a vault guard
 12412 | Bailey   | Killed a vault guard
 12505 | Bailey   | Killed a vault guard
 12677 | D:9      | Found a shimmering altar of Xom.
 12677 | D:9      | Found a burning altar of Makhleb.
 12686 | D:9      | HP: 3/72 [something (1)]
 12687 | D:9      | Mangled by an unseen horror

Illustrated notes

Levels and vault maps discovered:
D:1:      erik_arrival_orb_chamber, layout_loops_ring,
          shapermc_ecumenical_altar_gd, minivault_11
D:2:      layout_loops_cross, serial_undead, serial_undead_c, serial_undead_e,
          serial_undead_f, serial_undead_d, grunt_ministairs_7, uniq_terence
D:3:      layout_basic, minivault_25, minmay_box_of_dots
D:4:      layout_loops_ring, kennysheep_little_box,
          nicolae_wu_jian_glorious_leap, uniq_ijyb, uniq_sigmund
D:5:      layout_gridville, nicolae_uskayaw_en_pointe,
          mainiacjoe_overflow_cross_hatched, nicolae_gozag_zags_fifth_avenue,
          temple_green, uniq_prince_ribbit1, uniq_eustachio,
          uniq_crazy_yiuf_cottage
D:6:      layout_rooms, kennysheep_mini
D:7:      layout_cave_pools, uniq_pikel
D:8:      layout_gridville, marbit_many_paths, okawaru_trees_2,
          nicolae_hepliaklqana_ecumenical_no_more, serial_shops, shop,
          minivault_26, uniq_joseph, uniq_erica
D:9:      layout_roguey, grunt_temple_overflow_champion_of_chaos,
          david_lair_generic, enter_bailey_2
Temple:   chequers_temple_sunken

Skill      XL: |  1  2  3  4  5  6  7  8  9 10 11 |
---------------+----------------------------------+-----
Stealth        | 3 4 5 6 7 |  7.1
Conjurations   | 2 3 4 6 8 10 | 10.6
Air Magic      | 4 5 7 |  7.3
Spellcasting   | 3 4 6 7 |  7.1
Hexes          | 2 |  2.6
Fighting       | 4 5 |  5.7
Dodging        | 5 6 |  6.1

Action                   |  1- 3 |  4- 6 |  7- 9 | 10-12 || total
-------------------------+-------+-------+-------+-------++-------
Melee: Unarmed           |     4 |       |       |       ||     4
       Tentacles         |     3 |     7 |     5 |     6 ||    21
       Constrict         |     5 |     5 |     6 |     7 ||    23
       Dagger            |    12 |    26 |     7 |       ||    45
       Punch             |       |     1 |       |       ||     1
       Short sword       |       |       |    24 |     3 ||    27
       Lajatang          |       |       |       |    21 ||    21
 Cast: Shock             |    76 |   141 |   129 |    43 ||   389
       Searing Ray       |       |     4 |    11 |     4 ||    19
       Airstrike         |       |       |    32 |   100 ||   132
       Fulminant Prism   |       |       |       |     1 ||     1
  Use: Scroll            |     1 |     3 |     7 |    16 ||    27
       Potion            |       |       |       |     2 ||     2
Armor: Skin              |     4 |     7 |     7 |    13 ||    31
Dodge: Dodged            |    13 |    21 |    28 |    45 ||   107
